Rocket vs Moose
(R2)
Created - May 17, 2021 at 19:03
Goals
|
Rocket |
2 |
1 |
0 |
3 |
Moose |
1 |
1 |
0 |
2 |
|
Shots
|
Rocket |
15 |
17 |
8 |
40 |
Moose |
9 |
13 |
14 |
36 |
|
1st period
1. Rocket , Jonathan Matsumoto 1 (Andrei Mironov 2, Tyler Pitlick 1) at 6:10
2. Rocket , Tom Wilson 1 (Mattias Tedenby 2) at 10:27
3. Moose , Nikolaj Ehlers 3 (Dominik Kahun 2) at 12:56
Penalties :
Viktor Loov (Lav) for High sticking (Minor) at 9:14, Frank Vatrano (Man) for High sticking (Minor) at 10:25, Jonathan Matsumoto (Lav) for Slashing (Minor) at 13:18
2nd period
4. Rocket , Peter Holland 1 (Nick Ritchie 2, Danton Heinen 1) at 6:28
5. Moose , Frank Vatrano 1 (Mitchell Stephens 1) at 14:38
Penalties :
Nathan Walker (Man) for Boarding (Minor) at 9:40, Alexandre Carrier (Man) for Hooking (Minor) at 12:03, Nathan Walker (Man) for Checking from behind (Minor) at 18:25
3rd period
No Goal
Penalties :
Dean Kukan (Lav) for Hooking (Minor) at 3:29, Nick Ritchie (Lav) for Hooking (Minor) at 12:27, Tyler Pitlick (Lav) for Tripping (Minor) at 13:53, Andrey Pedan (Lav) for Roughing (Minor) at 17:30
Goalie Stats
Jean-Francois Berube (Lav), 34 saves from 36 shots - (0.944), W, 3-0-0, 60:00 minutes
Magnus Hellberg (Man), 37 saves from 40 shots - (0.925), L, 0-2-1, 58:52 minutes
Players Stats for Rocket
Player Name G A P +/- PIM S H SB GA TA FO MP PP MP PK MP
------------------------------------------------------------------------------------
Adrian Kempe 0 0 0 0 0 5 1 0 0 0 0/0 10:10 0:42 0:15
Alex Petrovic 0 0 0 0 0 3 2 0 1 0 0/0 28:50 3:23 5:07
Andrei Mironov 0 1 1 0 0 3 0 0 1 0 0/0 11:06 0:13 1:18
Andrey Pedan 0 0 0 1 2 0 0 1 1 1 0/0 10:50 0:13 1:02
Anthony Nigro 0 0 0 -1 0 0 0 0 0 0 1/4 8:07 0:00 0:09
Brian Dumoulin 0 0 0 0 0 1 3 2 0 0 0/0 28:50 3:23 5:07
Corey Trivino 0 0 0 0 0 1 3 0 0 0 8/18 18:41 4:01 2:21
Danton Heinen 0 1 1 0 0 2 1 0 0 0 0/0 9:24 0:18 0:00
Dean Kukan 0 0 0 1 2 0 1 0 0 0 0/0 19:15 3:32 3:16
Jakub Vrana 0 0 0 -1 0 1 1 0 0 0 0/0 8:16 0:18 0:00
Jonathan Matsumoto 1 0 1 1 2 3 0 1 1 0 9/18 16:02 2:13 1:14
Mattias Tedenby 0 1 1 2 0 9 2 0 2 0 4/10 23:06 2:52 4:57
Nick Ritchie 0 1 1 0 2 2 1 0 0 0 0/0 13:12 3:07 1:01
Peter Holland 1 0 1 0 0 1 1 0 0 0 2/13 12:17 0:54 2:27
Tom Wilson 1 0 1 1 0 2 0 1 0 0 0/1 18:47 3:07 5:43
Ty Rattie 0 0 0 -1 0 2 3 0 0 0 0/0 9:26 0:42 0:37
Tyler Pitlick 0 1 1 1 2 4 1 1 0 0 2/2 21:12 3:01 2:25
Viktor Loov 0 0 0 0 2 1 2 0 0 0 0/0 20:29 3:41 4:39
Players Stats for Moose
Player Name G A P +/- PIM S H SB GA TA FO MP PP MP PK MP
------------------------------------------------------------------------------------
Alexandre Carrier 0 0 0 1 2 1 0 0 0 0 0/0 16:13 4:38 0:46
Brendan Perlini 0 0 0 1 0 0 1 0 0 0 0/1 8:14 1:04 0:05
Cedric Paquette 0 0 0 -1 0 0 2 0 0 0 7/11 16:08 0:08 4:30
Dominik Kahun 0 1 1 0 0 1 0 1 0 0 17/26 18:29 4:46 0:13
Dwight King 0 0 0 1 0 6 3 1 0 0 0/0 18:48 4:20 1:11
Frank Vatrano 1 0 1 1 2 5 2 0 0 1 0/0 9:17 0:52 1:27
Iiro Pakarinen 0 0 0 -1 0 1 0 0 0 0 1/1 11:08 1:09 0:00
Jordan Martinook 0 0 0 -1 0 3 4 1 0 0 0/2 17:34 5:21 2:20
Ludwig Bystrom 0 0 0 -1 0 0 1 0 0 3 0/0 27:18 4:55 3:57
Matthew Benning 0 0 0 1 0 0 0 2 0 0 0/0 11:26 1:00 0:12
Mirco Mueller 0 0 0 -1 0 3 1 2 0 1 0/0 20:31 0:00 4:39
Mitchell Stephens 0 1 1 1 0 0 0 0 0 0 4/6 7:01 0:11 0:00
Nathan Walker 0 0 0 -1 4 1 0 0 1 0 0/1 11:17 0:00 0:00
Nicolas Petan 0 0 0 -1 0 0 1 0 0 0 9/16 14:23 4:40 0:00
Nikolaj Ehlers 1 0 1 0 0 7 0 0 0 0 1/1 17:47 4:46 0:00
Troy Stetcher 0 0 0 -2 0 5 2 1 0 0 0/0 23:46 5:55 2:56
Vince Hinostroza 0 0 0 -1 0 3 0 0 0 1 1/1 21:13 4:21 4:30
Vladislav Gavrikov 0 0 0 0 0 0 2 0 0 0 0/0 20:50 4:38 1:46
3 Stars
1 - Jean-Francois Berube (Lav)
2 - Tom Wilson (Lav)
3 - Mattias Tedenby (Lav)
Power Play
Rocket - 0 on 4 Attempt(s) - 0.00%
Moose - 0 on 6 Attempt(s) - 0.00%
Penalty Kill
Rocket - 6 on 6 Attempt(s) - 100.00%
- Score 0 goal in Penalty Kill
Moose - 4 on 4 Attempt(s) - 100.00%
- Score 0 goal in Penalty Kill
Team Stat
Rocket - Hits : 22 - Faceoff Wins : 26 - Blocked Shots : 6 - Penalty Minutes : 12
Moose - Hits : 19 - Faceoff Wins : 40 - Blocked Shots : 8 - Penalty Minutes : 8
Official
Referees : Unknown
Linesman : Unknown
Game Notes
No Game Note
Finance
Level 1 -- Attendance: 2000 (100.00%) -- Ticket Income $56,000
Level 2 -- Attendance: 1000 (100.00%) -- Ticket Income $15,000
Total Attendance: 3000 (100.00%)
Total Ticket Income: $71,000
Other Income: $3,550
Total Income: $74,550
Rocket
5 vs 5 Forward
Center Left Wing Right Wing Time % Phy DF OF
1 Jonathan Matsumoto Tyler Pitlick Mattias Tedenby 40 0 2 3
2 Corey Trivino Adrian Kempe Tom Wilson 30 0 2 3
3 Peter Holland Nick Ritchie Danton Heinen 20 0 2 3
4 Anthony Nigro Jakub Vrana Ty Rattie 10 0 3 2
5 vs 5 Defense
Defense Defense Time % Phy DF OF
1 Brian Dumoulin Alex Petrovic 40 1 2 2
2 Viktor Loov Dean Kukan 30 1 2 2
3 Andrey Pedan Andrei Mironov 20 1 2 2
4 Brian Dumoulin Alex Petrovic 10 1 2 2
PowerPlay Forward
Center Left Wing Right Wing Time % Phy DF OF
1 Corey Trivino Tyler Pitlick Mattias Tedenby 60 0 1 4
2 Jonathan Matsumoto Nick Ritchie Tom Wilson 40 0 1 4
PowerPlay Defense
Defense Defense Time % Phy DF OF
1 Brian Dumoulin Alex Petrovic 60 0 2 3
2 Viktor Loov Dean Kukan 40 0 2 3
Penalty Kill 4 Players Forward
Center Wing Time % Phy DF OF
1 Mattias Tedenby Tom Wilson 60 1 2 2
2 Tyler Pitlick Corey Trivino 40 1 2 2
Penalty Kill 4 Players Defense
Defense Defense Time % Phy DF OF
1 Brian Dumoulin Alex Petrovic 60 1 2 2
2 Viktor Loov Dean Kukan 40 1 2 2
Penalty Kill - 3 Players Forward
Forward Time % Phy DF OF
1 Mattias Tedenby 60 1 2 2
2 Tom Wilson 40 1 2 2
Penalty Kill - 3 Players Defense
Defense Defense Time % Phy DF OF
1 Brian Dumoulin Alex Petrovic 60 1 2 2
2 Viktor Loov Dean Kukan 40 1 2 2
4 vs 4 Forward
Center Wing Time % Phy DF OF
1 Mattias Tedenby Tom Wilson 60 1 2 2
2 Tyler Pitlick Corey Trivino 40 1 2 2
4 vs 4 Defense
Defense Defense Time % Phy DF OF
1 Brian Dumoulin Alex Petrovic 60 1 2 2
2 Viktor Loov Dean Kukan 40 1 2 2
Last Minutes Offensive
Center Left Wing Right Wing Defense Defense
Corey Trivino Tyler Pitlick Mattias Tedenby Brian Dumoulin Alex Petrovic
Last Minutes Defensive
Center Left Wing Right Wing Defense Defense
Corey Trivino Tyler Pitlick Mattias Tedenby Brian Dumoulin Alex Petrovic
Goaltenders
Starting : Jean-Francois Berube
Backup : Joni Ortio
Extra Forwards
Normal : Mattias Tedenby, Tyler Pitlick, Corey Trivino - PP : Tyler Pitlick, Mattias Tedenby - PK : Mattias Tedenby
Extra Defensemen
Normal : Andrey Pedan, Andrei Mironov, Alex Petrovic - PP : Andrey Pedan - PK : Andrei Mironov, Brian Dumoulin
Penalty Shots
Mattias Tedenby, Tom Wilson, Tyler Pitlick, Corey Trivino, Jonathan Matsumoto
Scratches
Mason Appleton (Healthy), Guillaume Brisebois (Healthy), Tyler Lewington (Healthy), Jiri Sekac (Bruised Right Arm Injury), Daniel Sprong (Healthy)
Tobias Lindberg (Healthy), Scott Glennie (Healthy), Charles Hudon (Healthy), Sergey Tolchinsky (Healthy), Dominic Turgeon (Healthy)
Jack Glover (Healthy), Ryan MacInnis (Healthy)
Moose
5 vs 5 Forward
Center Left Wing Right Wing Time % Phy DF OF
1 Dominik Kahun Dwight King Nikolaj Ehlers 40 1 2 2
2 Nicolas Petan Jordan Martinook Vince Hinostroza 30 1 2 2
3 Cedric Paquette Nathan Walker Iiro Pakarinen 20 1 2 2
4 Mitchell Stephens Brendan Perlini Frank Vatrano 10 1 2 2
5 vs 5 Defense
Defense Defense Time % Phy DF OF
1 Mirco Mueller Troy Stetcher 40 1 2 2
2 Vladislav Gavrikov Ludwig Bystrom 35 1 2 2
3 Alexandre Carrier Matthew Benning 25 1 2 2
4 Troy Stetcher Matthew Benning 0 1 2 2
PowerPlay Forward
Center Left Wing Right Wing Time % Phy DF OF
1 Dominik Kahun Jordan Martinook Nikolaj Ehlers 60 0 1 4
2 Nicolas Petan Dwight King Vince Hinostroza 40 0 1 4
PowerPlay Defense
Defense Defense Time % Phy DF OF
1 Ludwig Bystrom Troy Stetcher 60 0 1 4
2 Vladislav Gavrikov Alexandre Carrier 40 0 1 4
Penalty Kill 4 Players Forward
Center Wing Time % Phy DF OF
1 Cedric Paquette Vince Hinostroza 60 1 3 1
2 Jordan Martinook Frank Vatrano 40 1 3 1
Penalty Kill 4 Players Defense
Defense Defense Time % Phy DF OF
1 Mirco Mueller Ludwig Bystrom 60 1 4 0
2 Vladislav Gavrikov Troy Stetcher 40 1 4 0
Penalty Kill - 3 Players Forward
Forward Time % Phy DF OF
1 Frank Vatrano 60 0 4 1
2 Vince Hinostroza 40 0 4 1
Penalty Kill - 3 Players Defense
Defense Defense Time % Phy DF OF
1 Matthew Benning Vladislav Gavrikov 60 1 3 1
2 Troy Stetcher Ludwig Bystrom 40 1 3 1
4 vs 4 Forward
Center Wing Time % Phy DF OF
1 Dominik Kahun Nikolaj Ehlers 60 1 2 2
2 Cedric Paquette Vince Hinostroza 40 1 2 2
4 vs 4 Defense
Defense Defense Time % Phy DF OF
1 Troy Stetcher Ludwig Bystrom 60 1 2 2
2 Mirco Mueller Vladislav Gavrikov 40 1 2 2
Last Minutes Offensive
Center Left Wing Right Wing Defense Defense
Dominik Kahun Dwight King Iiro Pakarinen Ludwig Bystrom Troy Stetcher
Last Minutes Defensive
Center Left Wing Right Wing Defense Defense
Cedric Paquette Jordan Martinook Vince Hinostroza Mirco Mueller Vladislav Gavrikov
Goaltenders
Starting : Magnus Hellberg
Backup : Joey Daccord
Extra Forwards
Normal : Jordan Martinook, Iiro Pakarinen, Vince Hinostroza - PP : Iiro Pakarinen, Brendan Perlini - PK : Dwight King
Extra Defensemen
Normal : Alexandre Carrier, Vladislav Gavrikov, Ludwig Bystrom - PP : Alexandre Carrier - PK : Ludwig Bystrom, Vladislav Gavrikov
Penalty Shots
Iiro Pakarinen, Brendan Perlini, Nathan Walker, Frank Vatrano, Cedric Paquette
Scratches
John Marino (Healthy), Nicklas Jensen (Healthy), Jeremy Bracco (Healthy), Colin White (Healthy), Sami Niku (Healthy)
David Kase (Healthy), Jansen Harkins (Healthy), John Hayden (Healthy), Mackenzie MacEachern (Healthy), Jesse Graham (Healthy)
Jayce Hawryluk (Healthy), Nikolay Goldobin (Healthy), Oskar Lindblom (Healthy), Ryan Collins (Healthy), William Lagesson (Healthy)
Philippe Desrosiers (Healthy)
% Time on Ice - Rocket
Lines # - Real PCT - Wanted PCT - Time Play
Normal Forward
1 - 36% - 40% - 14:53
2 - 22% - 30% - 9:10
3 - 22% - 20% - 9:00
4 - 19% - 10% - 7:58
Normal Defense
1 - 42% - 40% - 17:23
2 - 30% - 30% - 12:28
3 - 23% - 20% - 9:35
4 - 4% - 10% - 1:35
PP Forward
1 - 54% - 60% - 3:52
2 - 46% - 40% - 3:16
PP Defense
1 - 50% - 60% - 3:36
2 - 50% - 40% - 3:32
PK Forward
1 - 77% - 60% - 7:39
2 - 24% - 40% - 2:21
PK Defense
1 - 46% - 60% - 4:34
2 - 54% - 40% - 5:26
PK3 Forward
1 - 100% - 60% - 0:33
2 - 0% - 40% - 0:00
PK3 Defense
1 - 100% - 60% - 0:33
2 - 0% - 40% - 0:00
44 Forward
1 - 65% - 60% - 0:31
2 - 35% - 40% - 0:17
44 Defense
1 - 98% - 60% - 0:47
2 - 2% - 40% - 0:01
Last Minute Offensive - 0:00
Last Minute Defensive - 0:30
Total
Forward - 60:00
Defense - 60:00
|
% Time on Ice - Moose
Lines # - Real PCT - Wanted PCT - Time Play
Normal Forward
1 - 41% - 40% - 16:48
2 - 22% - 30% - 9:08
3 - 21% - 20% - 8:30
4 - 16% - 10% - 6:36
Normal Defense
1 - 41% - 40% - 16:47
2 - 35% - 35% - 14:28
3 - 22% - 25% - 8:53
4 - 2% - 0% - 0:54
PP Forward
1 - 55% - 60% - 5:45
2 - 45% - 40% - 4:48
PP Defense
1 - 56% - 60% - 5:55
2 - 44% - 40% - 4:38
PK Forward
1 - 74% - 60% - 5:18
2 - 26% - 40% - 1:50
PK Defense
1 - 78% - 60% - 5:34
2 - 22% - 40% - 1:34
PK3 Forward
1 - 0% - 60%
2 - 0% - 40%
PK3 Defense
1 - 0% - 60%
2 - 0% - 40%
44 Forward
1 - 65% - 60% - 0:31
2 - 35% - 40% - 0:17
44 Defense
1 - 100% - 60% - 0:48
2 - 0% - 40% - 0:00
Last Minute Offensive - 0:29
Last Minute Defensive - 0:00
Total
Forward - 60:00
Defense - 60:00
|
Play-by-Play
1st period
0:01 of 1st period - Dominik Kahun wins face-off versus Jonathan Matsumoto in neutral zone.
0:10 of 1st period - Snap shot by Nikolaj Ehlers.
0:10 of 1st period - Stopped by Jean-Francois Berube without a rebound.
0:11 of 1st period - Corey Trivino wins face-off versus Nicolas Petan in Rocket zone.
0:58 of 1st period - Dwight King is hit by Jakub Vrana.
1:22 of 1st period - Slapshot by Mattias Tedenby.
1:22 of 1st period - Stopped by Magnus Hellberg with a rebound.
1:24 of 1st period - Slapshot by Andrei Mironov.
1:24 of 1st period - Deflect By Mattias Tedenby.
1:24 of 1st period - Shot Blocked by Matthew Benning.
1:24 of 1st period - Puck is out of play.
1:25 of 1st period - Mitchell Stephens wins face-off versus Jonathan Matsumoto in Moose zone.
1:36 of 1st period - Snap shot by Jonathan Matsumoto.
1:36 of 1st period - Stopped by Magnus Hellberg with a rebound.
1:38 of 1st period - Snap shot by Mattias Tedenby.
1:38 of 1st period - Shot Misses the Net.
1:40 of 1st period - Snap shot by Tyler Pitlick.
1:40 of 1st period - Shot Misses the Net.
1:52 of 1st period - Brian Dumoulin is hit by Jordan Martinook and loses puck.
2:15 of 1st period - Backhand shot by Nick Ritchie.
2:15 of 1st period - Stopped by Magnus Hellberg with a rebound.
3:41 of 1st period - Wrist shot by Nikolaj Ehlers.
3:41 of 1st period - Shot Misses the Net.
3:43 of 1st period - Slapshot by Matthew Benning.
3:43 of 1st period - Shot Misses the Net.
3:45 of 1st period - Wrist shot by Dwight King.
3:45 of 1st period - Shot Misses the Net.
4:06 of 1st period - Wrist shot by Danton Heinen.
4:06 of 1st period - Shot Blocked by Mirco Mueller.
5:09 of 1st period - Wrist shot by Mattias Tedenby.
5:09 of 1st period - Shot Misses the Net.
5:19 of 1st period - Dean Kukan is hit by Brendan Perlini and loses puck.
5:44 of 1st period - Wrist shot by Tom Wilson.
5:44 of 1st period - Stopped by Magnus Hellberg without a rebound.
5:45 of 1st period - Dominik Kahun wins face-off versus Corey Trivino in Moose zone.
5:52 of 1st period - Snap shot by Dwight King.
5:52 of 1st period - Shot Misses the Net.
6:00 of 1st period - Slapshot by Corey Trivino.
6:00 of 1st period - Deflect By Tom Wilson.
6:00 of 1st period - Shot Blocked by Dominik Kahun.
6:00 of 1st period - Puck is out of play.
6:01 of 1st period - Jonathan Matsumoto wins face-off versus Nicolas Petan in Moose zone.
6:06 of 1st period - Wrist shot by Tyler Pitlick.
6:06 of 1st period - Shot Blocked by Troy Stetcher.
6:08 of 1st period - Snap shot by Andrei Mironov.
6:08 of 1st period - Stopped by Magnus Hellberg with a rebound.
6:10 of 1st period - Wrist shot by Jonathan Matsumoto.
6:10 of 1st period - Goal by Jonathan Matsumoto - Rocket : 1 - Moose : 0.
6:11 of 1st period - Dominik Kahun wins face-off versus Jonathan Matsumoto in neutral zone.
6:58 of 1st period - Snap shot by Nick Ritchie.
6:58 of 1st period - Shot Misses the Net.
7:10 of 1st period - Ludwig Bystrom is hit by Peter Holland and loses puck.
7:22 of 1st period - Off-side.
7:23 of 1st period - Dominik Kahun wins face-off versus Anthony Nigro in neutral zone.
7:26 of 1st period - Jakub Vrana is hit by Troy Stetcher and loses puck.
7:35 of 1st period - Wrist shot by Nikolaj Ehlers.
7:35 of 1st period - Stopped by Jean-Francois Berube with a rebound.
7:47 of 1st period - Anthony Nigro is hit by Mirco Mueller and loses puck.
9:12 of 1st period - Wrist shot by Dwight King.
9:12 of 1st period - Shot Misses the Net.
9:14 of 1st period - Minor Penalty to Viktor Loov for High sticking.
9:15 of 1st period - Nicolas Petan wins face-off versus Mattias Tedenby in Rocket zone.
10:25 of 1st period - Minor Penalty to Frank Vatrano for High sticking.
10:26 of 1st period - Mattias Tedenby wins face-off versus Dominik Kahun in Moose zone.
10:27 of 1st period - Slapshot by Tom Wilson.
10:27 of 1st period - Goal by Tom Wilson - Rocket : 2 - Moose : 0.
10:28 of 1st period - Dominik Kahun wins face-off versus Tom Wilson in neutral zone.
10:37 of 1st period - Slapshot by Troy Stetcher.
10:37 of 1st period - Stopped by Jean-Francois Berube with a rebound.
11:14 of 1st period - Penalty to Viktor Loov is over, Viktor Loov is back on ice.
11:20 of 1st period - Snap shot by Tyler Pitlick.
11:20 of 1st period - Shot Misses the Net.
11:22 of 1st period - Wrist shot by Viktor Loov.
11:22 of 1st period - Stopped by Magnus Hellberg without a rebound.
11:23 of 1st period - Jonathan Matsumoto wins face-off versus Cedric Paquette in Moose zone.
11:42 of 1st period - Wrist shot by Mattias Tedenby.
11:42 of 1st period - Shot Blocked by Mirco Mueller.
11:44 of 1st period - Wrist shot by Mattias Tedenby.
11:44 of 1st period - Stopped by Magnus Hellberg without a rebound.
11:45 of 1st period - Cedric Paquette wins face-off versus Corey Trivino in Moose zone.
11:58 of 1st period - Snap shot by Mattias Tedenby.
11:58 of 1st period - Stopped by Magnus Hellberg with a rebound.
12:00 of 1st period - Slapshot by Dean Kukan.
12:00 of 1st period - Shot Blocked by Jordan Martinook.
12:18 of 1st period - Wrist shot by Tom Wilson.
12:18 of 1st period - Deflect By Nick Ritchie.
12:18 of 1st period - Shot Blocked by Dwight King.
12:18 of 1st period - Puck is out of play.
12:19 of 1st period - Tyler Pitlick wins face-off versus Jordan Martinook in Moose zone.
12:25 of 1st period - Penalty to Frank Vatrano is over, Frank Vatrano is back on ice.
12:44 of 1st period - Snap shot by Dwight King.
12:44 of 1st period - Deflect By Brian Dumoulin.
12:44 of 1st period - Shot Misses the Net.
12:44 of 1st period - Puck is out of play.
12:45 of 1st period - Dominik Kahun wins face-off versus Peter Holland in Rocket zone.
12:56 of 1st period - Slapshot by Nikolaj Ehlers.
12:56 of 1st period - Goal by Nikolaj Ehlers - Rocket : 2 - Moose : 1.
12:57 of 1st period - Nicolas Petan wins face-off versus Jonathan Matsumoto in neutral zone.
13:02 of 1st period - Snap shot by Nicolas Petan.
13:02 of 1st period - Shot Blocked by Jonathan Matsumoto.
13:04 of 1st period - Slapshot by Mirco Mueller.
13:04 of 1st period - Deflect By Vince Hinostroza.
13:04 of 1st period - Stopped by Jean-Francois Berube with a rebound.
13:18 of 1st period - Minor Penalty to Jonathan Matsumoto for Slashing.
13:19 of 1st period - Mattias Tedenby wins face-off versus Dominik Kahun in Rocket zone.
13:50 of 1st period - Alex Petrovic is hit by Ludwig Bystrom.
15:12 of 1st period - Nikolaj Ehlers is hit by Viktor Loov and loses puck.
15:18 of 1st period - Penalty to Jonathan Matsumoto is over, Jonathan Matsumoto is back on ice.
15:29 of 1st period - Andrey Pedan is hit by Cedric Paquette and loses puck.
15:34 of 1st period - Slapshot by Nathan Walker.
15:34 of 1st period - Shot Blocked by Andrey Pedan.
15:51 of 1st period - Brendan Perlini is hit by Brian Dumoulin and loses puck.
15:56 of 1st period - Wrist shot by Ty Rattie.
15:56 of 1st period - Shot Misses the Net.
16:24 of 1st period - Slapshot by Viktor Loov.
16:24 of 1st period - Deflect By Ty Rattie.
16:24 of 1st period - Stopped by Magnus Hellberg without a rebound.
16:25 of 1st period - Jonathan Matsumoto wins face-off versus Cedric Paquette in Moose zone.
17:15 of 1st period - Snap shot by Jordan Martinook.
17:15 of 1st period - Stopped by Jean-Francois Berube with a rebound.
17:17 of 1st period - Snap shot by Jordan Martinook.
17:17 of 1st period - Shot Blocked by Tom Wilson.
17:43 of 1st period - Snap shot by Nikolaj Ehlers.
17:43 of 1st period - Stopped by Jean-Francois Berube with a rebound.
17:45 of 1st period - Snap shot by Dwight King.
17:45 of 1st period - Stopped by Jean-Francois Berube with a rebound.
18:00 of 1st period - Wrist shot by Nick Ritchie.
18:00 of 1st period - Stopped by Magnus Hellberg without a rebound.
18:01 of 1st period - Nicolas Petan wins face-off versus Peter Holland in Moose zone.
18:01 of 1st period - Nicolas Petan is hit by Alex Petrovic.
18:15 of 1st period - Wrist shot by Vince Hinostroza.
18:15 of 1st period - Stopped by Jean-Francois Berube without a rebound.
18:16 of 1st period - Jonathan Matsumoto wins face-off versus Dominik Kahun in Rocket zone.
18:23 of 1st period - Wrist shot by Tyler Pitlick.
18:23 of 1st period - Shot Misses the Net.
18:25 of 1st period - Slapshot by Brian Dumoulin.
18:25 of 1st period - Deflect By Mirco Mueller.
18:25 of 1st period - Stopped by Magnus Hellberg with a rebound.
18:27 of 1st period - Slapshot by Mattias Tedenby.
18:27 of 1st period - Stopped by Magnus Hellberg with a rebound.
18:31 of 1st period - Slapshot by Mattias Tedenby.
18:31 of 1st period - Stopped by Magnus Hellberg without a rebound.
18:32 of 1st period - Nicolas Petan wins face-off versus Corey Trivino in Moose zone.
19:34 of 1st period - Icing by Peter Holland.
19:35 of 1st period - Peter Holland wins face-off versus Mitchell Stephens in Rocket zone.
Goals for this period are 2 for Rocket vs 1 for Moose.
Shots for this period are 15 for Rocket vs 9 for Moose.
2nd period
0:01 of 2nd period - Nicolas Petan wins face-off versus Jonathan Matsumoto in neutral zone.
0:06 of 2nd period - Slapshot by Troy Stetcher.
0:06 of 2nd period - Deflect By Brian Dumoulin.
0:06 of 2nd period - Stopped by Jean-Francois Berube with a rebound.
0:08 of 2nd period - Wrist shot by Jordan Martinook.
0:08 of 2nd period - Stopped by Jean-Francois Berube with a rebound.
0:26 of 2nd period - Troy Stetcher is hit by Brian Dumoulin and loses puck.
0:51 of 2nd period - Slapshot by Danton Heinen.
0:51 of 2nd period - Shot Misses the Net.
1:08 of 2nd period - Off-side.
1:09 of 2nd period - Anthony Nigro wins face-off versus Brendan Perlini in neutral zone.
1:24 of 2nd period - Anthony Nigro is hit by Frank Vatrano and loses puck.
1:41 of 2nd period - Wrist shot by Ty Rattie.
1:41 of 2nd period - Stopped by Magnus Hellberg with a rebound.
1:43 of 2nd period - Slapshot by Andrei Mironov.
1:43 of 2nd period - Stopped by Magnus Hellberg without a rebound.
1:44 of 2nd period - Jonathan Matsumoto wins face-off versus Dominik Kahun in Moose zone.
2:09 of 2nd period - Brian Dumoulin is hit by Troy Stetcher.
2:51 of 2nd period - Wrist shot by Tyler Pitlick.
2:51 of 2nd period - Stopped by Magnus Hellberg without a rebound.
2:52 of 2nd period - Corey Trivino wins face-off versus Nicolas Petan in Moose zone.
3:00 of 2nd period - Icing by Ludwig Bystrom.
3:01 of 2nd period - Nicolas Petan wins face-off versus Corey Trivino in Moose zone.
3:40 of 2nd period - Backhand shot by Adrian Kempe.
3:40 of 2nd period - Stopped by Magnus Hellberg without a rebound.
3:41 of 2nd period - Dominik Kahun wins face-off versus Peter Holland in Moose zone.
3:41 of 2nd period - Dominik Kahun is hit by Brian Dumoulin.
4:04 of 2nd period - Icing by Alex Petrovic.
4:05 of 2nd period - Cedric Paquette wins face-off versus Peter Holland in Rocket zone.
4:06 of 2nd period - Snap shot by Nathan Walker.
4:06 of 2nd period - Shot Misses the Net.
4:08 of 2nd period - Snap shot by Cedric Paquette.
4:08 of 2nd period - Deflect By Nathan Walker.
4:08 of 2nd period - Shot Misses the Net.
4:08 of 2nd period - Puck is out of play.
4:09 of 2nd period - Jonathan Matsumoto wins face-off versus Nathan Walker in Rocket zone.
4:36 of 2nd period - Dominik Kahun is hit by Corey Trivino and loses puck.
4:41 of 2nd period - Snap shot by Adrian Kempe.
4:41 of 2nd period - Deflect By Dwight King.
4:41 of 2nd period - Stopped by Magnus Hellberg with a rebound.
4:43 of 2nd period - Slapshot by Viktor Loov.
4:43 of 2nd period - Shot Misses the Net.
4:58 of 2nd period - Off-side.
4:59 of 2nd period - Jonathan Matsumoto wins face-off versus Nicolas Petan in neutral zone.
5:26 of 2nd period - Snap shot by Adrian Kempe.
5:26 of 2nd period - Stopped by Magnus Hellberg without a rebound.
5:27 of 2nd period - Dominik Kahun wins face-off versus Corey Trivino in Moose zone.
5:32 of 2nd period - Snap shot by Dwight King.
5:32 of 2nd period - Stopped by Jean-Francois Berube with a rebound.
5:54 of 2nd period - Snap shot by Nick Ritchie.
5:54 of 2nd period - Shot Blocked by Matthew Benning.
5:56 of 2nd period - Slapshot by Nick Ritchie.
5:56 of 2nd period - Deflect By Peter Holland.
5:56 of 2nd period - Shot Misses the Net.
5:56 of 2nd period - Puck is out of play.
5:57 of 2nd period - Nicolas Petan wins face-off versus Peter Holland in Moose zone.
5:57 of 2nd period - Nicolas Petan is hit by Nick Ritchie.
6:05 of 2nd period - Vince Hinostroza is hit by Danton Heinen.
6:09 of 2nd period - Brian Dumoulin is hit by Jordan Martinook and loses puck.
6:26 of 2nd period - Wrist shot by Nick Ritchie.
6:26 of 2nd period - Shot Misses the Net.
6:28 of 2nd period - Snap shot by Peter Holland.
6:28 of 2nd period - Goal by Peter Holland - Rocket : 3 - Moose : 1.
6:29 of 2nd period - Jonathan Matsumoto wins face-off versus Dominik Kahun in neutral zone.
6:36 of 2nd period - Snap shot by Mattias Tedenby.
6:36 of 2nd period - Stopped by Magnus Hellberg without a rebound.
6:37 of 2nd period - Dominik Kahun wins face-off versus Jonathan Matsumoto in Moose zone.
8:18 of 2nd period - Nikolaj Ehlers is hit by Mattias Tedenby.
8:49 of 2nd period - Snap shot by Dwight King.
8:49 of 2nd period - Shot Misses the Net.
8:59 of 2nd period - Slapshot by Alex Petrovic.
8:59 of 2nd period - Stopped by Magnus Hellberg without a rebound.
9:00 of 2nd period - Corey Trivino wins face-off versus Nicolas Petan in Moose zone.
9:40 of 2nd period - Minor Penalty to Nathan Walker for Boarding.
9:41 of 2nd period - Cedric Paquette wins face-off versus Peter Holland in Moose zone.
9:51 of 2nd period - Wrist shot by Vince Hinostroza.
9:51 of 2nd period - Shot Misses the Net.
9:53 of 2nd period - Snap shot by Troy Stetcher.
9:53 of 2nd period - Deflect By Tom Wilson.
9:53 of 2nd period - Stopped by Jean-Francois Berube with a rebound.
9:55 of 2nd period - Slapshot by Mirco Mueller.
9:55 of 2nd period - Shot Misses the Net.
9:57 of 2nd period - Slapshot by Mirco Mueller.
9:57 of 2nd period - Deflect By Peter Holland.
9:57 of 2nd period - Stopped by Jean-Francois Berube with a rebound.
11:20 of 2nd period - Snap shot by Danton Heinen.
11:20 of 2nd period - Stopped by Magnus Hellberg without a rebound.
11:21 of 2nd period - Cedric Paquette wins face-off versus Corey Trivino in Moose zone.
11:40 of 2nd period - Penalty to Nathan Walker is over, Nathan Walker is back on ice.
11:56 of 2nd period - Wrist shot by Frank Vatrano.
11:56 of 2nd period - Stopped by Jean-Francois Berube with a rebound.
12:03 of 2nd period - Minor Penalty to Alexandre Carrier for Hooking.
12:04 of 2nd period - Corey Trivino wins face-off versus Cedric Paquette in Moose zone.
12:09 of 2nd period - Snap shot by Tyler Pitlick.
12:09 of 2nd period - Stopped by Magnus Hellberg with a rebound.
12:11 of 2nd period - Snap shot by Tyler Pitlick.
12:11 of 2nd period - Stopped by Magnus Hellberg without a rebound.
12:12 of 2nd period - Cedric Paquette wins face-off versus Mattias Tedenby in Moose zone.
12:25 of 2nd period - Snap shot by Mattias Tedenby.
12:25 of 2nd period - Stopped by Magnus Hellberg without a rebound.
12:26 of 2nd period - Cedric Paquette wins face-off versus Corey Trivino in Moose zone.
12:51 of 2nd period - Mirco Mueller is hit by Alex Petrovic and loses puck.
13:25 of 2nd period - Mattias Tedenby is hit by Cedric Paquette.
13:31 of 2nd period - Mirco Mueller is hit by Mattias Tedenby and loses puck.
14:03 of 2nd period - Penalty to Alexandre Carrier is over, Alexandre Carrier is back on ice.
14:22 of 2nd period - Slapshot by Anthony Nigro.
14:22 of 2nd period - Shot Misses the Net.
14:24 of 2nd period - Slapshot by Andrei Mironov.
14:24 of 2nd period - Stopped by Magnus Hellberg with a rebound.
14:26 of 2nd period - Wrist shot by Jakub Vrana.
14:26 of 2nd period - Stopped by Magnus Hellberg without a rebound.
14:27 of 2nd period - Mitchell Stephens wins face-off versus Anthony Nigro in Moose zone.
14:36 of 2nd period - Snap shot by Frank Vatrano.
14:36 of 2nd period - Stopped by Jean-Francois Berube without a rebound.
14:37 of 2nd period - Mitchell Stephens wins face-off versus Anthony Nigro in Rocket zone.
14:38 of 2nd period - Slapshot by Frank Vatrano.
14:38 of 2nd period - Goal by Frank Vatrano - Rocket : 3 - Moose : 2.
14:39 of 2nd period - Corey Trivino wins face-off versus Nicolas Petan in neutral zone.
15:27 of 2nd period - Iiro Pakarinen is hit by Ty Rattie and loses puck.
15:52 of 2nd period - Snap shot by Frank Vatrano.
15:52 of 2nd period - Stopped by Jean-Francois Berube with a rebound.
16:45 of 2nd period - Tom Wilson is hit by Jordan Martinook and loses puck.
16:54 of 2nd period - Slapshot by Jordan Martinook.
16:54 of 2nd period - Stopped by Jean-Francois Berube without a rebound.
16:55 of 2nd period - Dominik Kahun wins face-off versus Jonathan Matsumoto in Rocket zone.
16:56 of 2nd period - Snap shot by Dwight King.
16:56 of 2nd period - Shot Misses the Net.
16:58 of 2nd period - Snap shot by Nikolaj Ehlers.
16:58 of 2nd period - Stopped by Jean-Francois Berube with a rebound.
17:00 of 2nd period - Slapshot by Mirco Mueller.
17:00 of 2nd period - Stopped by Jean-Francois Berube without a rebound.
17:01 of 2nd period - Dominik Kahun wins face-off versus Jonathan Matsumoto in Rocket zone.
17:06 of 2nd period - Slapshot by Troy Stetcher.
17:06 of 2nd period - Stopped by Jean-Francois Berube without a rebound.
17:07 of 2nd period - Jonathan Matsumoto wins face-off versus Dominik Kahun in Rocket zone.
17:18 of 2nd period - Snap shot by Dwight King.
17:18 of 2nd period - Shot Misses the Net.
17:56 of 2nd period - Wrist shot by Danton Heinen.
17:56 of 2nd period - Stopped by Magnus Hellberg with a rebound.
17:58 of 2nd period - Slapshot by Viktor Loov.
17:58 of 2nd period - Deflect By Nick Ritchie.
17:58 of 2nd period - Shot Misses the Net.
17:58 of 2nd period - Puck is out of play.
17:59 of 2nd period - Cedric Paquette wins face-off versus Peter Holland in Moose zone.
18:25 of 2nd period - Minor Penalty to Nathan Walker for Checking from behind.
18:26 of 2nd period - Vince Hinostroza wins face-off versus Corey Trivino in Moose zone.
18:26 of 2nd period - Vince Hinostroza is hit by Corey Trivino.
18:55 of 2nd period - Slapshot by Alex Petrovic.
18:55 of 2nd period - Deflect By Jonathan Matsumoto.
18:55 of 2nd period - Stopped by Magnus Hellberg without a rebound.
18:56 of 2nd period - Corey Trivino wins face-off versus Jordan Martinook in Moose zone.
Goals for this period are 1 for Rocket vs 1 for Moose.
Shots for this period are 17 for Rocket vs 13 for Moose.
3rd period
0:01 of 3rd period - Corey Trivino wins face-off versus Cedric Paquette in neutral zone.
0:25 of 3rd period - Penalty to Nathan Walker is over, Nathan Walker is back on ice.
0:39 of 3rd period - Slapshot by Mirco Mueller.
0:39 of 3rd period - Stopped by Jean-Francois Berube with a rebound.
1:38 of 3rd period - Snap shot by Corey Trivino.
1:38 of 3rd period - Stopped by Magnus Hellberg with a rebound.
3:02 of 3rd period - Snap shot by Tyler Pitlick.
3:02 of 3rd period - Stopped by Magnus Hellberg with a rebound.
3:04 of 3rd period - Snap shot by Alex Petrovic.
3:04 of 3rd period - Stopped by Magnus Hellberg with a rebound.
3:06 of 3rd period - Slapshot by Alex Petrovic.
3:06 of 3rd period - Stopped by Magnus Hellberg without a rebound.
3:07 of 3rd period - Dominik Kahun wins face-off versus Peter Holland in Moose zone.
3:07 of 3rd period - Dominik Kahun is hit by Viktor Loov.
3:29 of 3rd period - Minor Penalty to Dean Kukan for Hooking.
3:30 of 3rd period - Dominik Kahun wins face-off versus Peter Holland in Rocket zone.
5:29 of 3rd period - Penalty to Dean Kukan is over, Dean Kukan is back on ice.
5:53 of 3rd period - Alexandre Carrier is hit by Adrian Kempe and loses puck.
6:50 of 3rd period - Iiro Pakarinen is hit by Ty Rattie and loses puck.
6:58 of 3rd period - Icing by Brendan Perlini.
6:59 of 3rd period - Nicolas Petan wins face-off versus Peter Holland in Moose zone.
7:59 of 3rd period - Adrian Kempe is hit by Jordan Martinook and loses puck.
8:10 of 3rd period - Alexandre Carrier is hit by Corey Trivino and loses puck.
8:21 of 3rd period - Dominik Kahun is hit by Tyler Pitlick and loses puck.
9:17 of 3rd period - Nicolas Petan is hit by Ty Rattie and loses puck.
9:39 of 3rd period - Tyler Pitlick is hit by Dwight King and loses puck.
10:09 of 3rd period - Alexandre Carrier is hit by Dean Kukan and loses puck.
10:51 of 3rd period - Tom Wilson is hit by Frank Vatrano and loses puck.
11:07 of 3rd period - Icing by Corey Trivino.
11:08 of 3rd period - Iiro Pakarinen wins face-off versus Corey Trivino in Rocket zone.
11:13 of 3rd period - Slapshot by Nathan Walker.
11:13 of 3rd period - Stopped by Jean-Francois Berube with a rebound.
11:41 of 3rd period - Backhand shot by Tom Wilson.
11:41 of 3rd period - Shot Misses the Net.
11:43 of 3rd period - Snap shot by Adrian Kempe.
11:43 of 3rd period - Stopped by Magnus Hellberg with a rebound.
11:45 of 3rd period - Snap shot by Adrian Kempe.
11:45 of 3rd period - Stopped by Magnus Hellberg without a rebound.
11:46 of 3rd period - Nicolas Petan wins face-off versus Jonathan Matsumoto in Moose zone.
11:55 of 3rd period - Mattias Tedenby is hit by Nicolas Petan and loses puck.
12:02 of 3rd period - Snap shot by Mattias Tedenby.
12:02 of 3rd period - Stopped by Magnus Hellberg with a rebound.
12:27 of 3rd period - Minor Penalty to Nick Ritchie for Hooking.
12:28 of 3rd period - Dominik Kahun wins face-off versus Mattias Tedenby in Rocket zone.
12:31 of 3rd period - Snap shot by Troy Stetcher.
12:31 of 3rd period - Deflect By Mattias Tedenby.
12:31 of 3rd period - Stopped by Jean-Francois Berube without a rebound.
12:32 of 3rd period - Mattias Tedenby wins face-off versus Dominik Kahun in Rocket zone.
12:47 of 3rd period - Wrist shot by Troy Stetcher.
12:47 of 3rd period - Shot Blocked by Brian Dumoulin.
13:43 of 3rd period - Backhand shot by Mattias Tedenby.
13:43 of 3rd period - Stopped by Magnus Hellberg with a rebound.
13:53 of 3rd period - Minor Penalty to Tyler Pitlick for Tripping.
13:54 of 3rd period - Nikolaj Ehlers wins face-off versus Mattias Tedenby in Rocket zone.
14:11 of 3rd period - Alex Petrovic is hit by Dwight King and loses puck.
14:16 of 3rd period - Slapshot by Dwight King.
14:16 of 3rd period - Deflect By Brian Dumoulin.
14:16 of 3rd period - Stopped by Jean-Francois Berube with a rebound.
14:18 of 3rd period - Snap shot by Alexandre Carrier.
14:18 of 3rd period - Deflect By Mattias Tedenby.
14:18 of 3rd period - Stopped by Jean-Francois Berube with a rebound.
14:20 of 3rd period - Snap shot by Vince Hinostroza.
14:20 of 3rd period - Shot Misses the Net.
14:22 of 3rd period - Snap shot by Nicolas Petan.
14:22 of 3rd period - Shot Misses the Net.
14:24 of 3rd period - Snap shot by Vince Hinostroza.
14:24 of 3rd period - Shot Misses the Net.
14:27 of 3rd period - Penalty to Nick Ritchie is over, Nick Ritchie is back on ice.
14:59 of 3rd period - Snap shot by Dwight King.
14:59 of 3rd period - Stopped by Jean-Francois Berube with a rebound.
15:25 of 3rd period - Jonathan Matsumoto is hit by Dwight King and loses puck.
15:53 of 3rd period - Penalty to Tyler Pitlick is over, Tyler Pitlick is back on ice.
16:00 of 3rd period - Anthony Nigro is hit by Vladislav Gavrikov and loses puck.
16:05 of 3rd period - Wrist shot by Iiro Pakarinen.
16:05 of 3rd period - Shot Misses the Net.
16:35 of 3rd period - Slapshot by Troy Stetcher.
16:35 of 3rd period - Shot Blocked by Brian Dumoulin.
16:37 of 3rd period - Snap shot by Nathan Walker.
16:37 of 3rd period - Shot Misses the Net.
16:39 of 3rd period - Slapshot by Troy Stetcher.
16:39 of 3rd period - Shot Blocked by Tyler Pitlick.
16:41 of 3rd period - Wrist shot by Iiro Pakarinen.
16:41 of 3rd period - Stopped by Jean-Francois Berube with a rebound.
16:43 of 3rd period - Snap shot by Nathan Walker.
16:43 of 3rd period - Deflect By Cedric Paquette.
16:43 of 3rd period - Shot Misses the Net.
16:43 of 3rd period - Puck is out of play.
16:44 of 3rd period - Mitchell Stephens wins face-off versus Peter Holland in Rocket zone.
16:45 of 3rd period - Snap shot by Frank Vatrano.
16:45 of 3rd period - Stopped by Jean-Francois Berube without a rebound.
16:46 of 3rd period - Peter Holland wins face-off versus Mitchell Stephens in Rocket zone.
16:55 of 3rd period - Peter Holland is hit by Vladislav Gavrikov and loses puck.
17:30 of 3rd period - Minor Penalty to Andrey Pedan for Roughing.
17:31 of 3rd period - Dominik Kahun wins face-off versus Mattias Tedenby in Rocket zone.
18:02 of 3rd period - Wrist shot by Vince Hinostroza.
18:02 of 3rd period - Stopped by Jean-Francois Berube without a rebound.
18:03 of 3rd period - Tyler Pitlick wins face-off versus Nicolas Petan in Rocket zone.
18:24 of 3rd period - Snap shot by Dwight King.
18:24 of 3rd period - Shot Misses the Net.
18:26 of 3rd period - Wrist shot by Alexandre Carrier.
18:26 of 3rd period - Shot Misses the Net.
18:34 of 3rd period - Snap shot by Dwight King.
18:34 of 3rd period - Stopped by Jean-Francois Berube without a rebound.
18:35 of 3rd period - Dominik Kahun wins face-off versus Mattias Tedenby in Rocket zone.
18:40 of 3rd period - Snap shot by Nikolaj Ehlers.
18:40 of 3rd period - Stopped by Jean-Francois Berube with a rebound.
18:42 of 3rd period - Snap shot by Dominik Kahun.
18:42 of 3rd period - Deflect By Nikolaj Ehlers.
18:42 of 3rd period - Stopped by Jean-Francois Berube without a rebound.
18:43 of 3rd period - Mattias Tedenby wins face-off versus Dominik Kahun in Rocket zone.
18:52 of 3rd period - Moose, Magnus Hellberg is pulled from the net.
19:30 of 3rd period - Penalty to Andrey Pedan is over, Andrey Pedan is back on ice.
19:44 of 3rd period - Wrist shot by Dominik Kahun.
19:44 of 3rd period - Stopped by Jean-Francois Berube without a rebound.
19:45 of 3rd period - Adams Oates call a timeout for Moose.
19:45 of 3rd period - Dominik Kahun wins face-off versus Corey Trivino in Rocket zone.
19:46 of 3rd period - Wrist shot by Dwight King.
19:46 of 3rd period - Stopped by Jean-Francois Berube without a rebound.
19:47 of 3rd period - Corey Trivino wins face-off versus Dominik Kahun in Rocket zone.
Goals for this period are 0 for Rocket vs 0 for Moose.
Shots for this period are 8 for Rocket vs 14 for Moose.
Output by the SimonT Hockey Simulator (STHS) for Francois Prevost